[Event "Monday 02 April Rapid Engine Tour 12+1 Rounds 9 Starts 1600ST"]
[Site "Infinity Chess"]
[Date "2018.4.2"]
[Round "1"]
[White "RonWeasley"]
[Black "CoffeeOne"]
[Result "1/2-1/2"]
[ECO "E32"]
[WhiteElo "2440"]
[BlackElo "2498"]
[WhiteEngine "BrainFish 010418 WM_CTG"]
[BlackEngine "Houdini 6"]
[EventType "Swiss"]
[WhiteTeam ""]
[BlackTeam ""]
[PlyCount "126"]
[TimeControl "720+1"]

1. d4 Nf6 2. c4 e6 3. Nc3 Bb4 4. Qc2 O-O 5. e4 d5 6. e5 Ne4 7. Bd3 c5 
8. Nf3 cxd4 9. Nxd4 Nd7 10. Bf4 Qh4 11. g3 Qh5 12. O-O g5 13. cxd5 Bxc3 
14. bxc3 exd5 15. Bxe4 dxe4 16. e6 gxf4 17. exd7 Bxd7 18. Qxe4 fxg3 19. fxg3 Bh3 
20. Rf3 Rfe8 21. Qxb7 Rab8 22. Qc6 Qg5 23. Rf2 Rbc8 24. Qf3 Re7 25. Nc6 Rec7 
26. Re1 Bg4 27. Qf4 Qxf4 28. Rxf4 Be6 29. Nd4 Bxa2 30. Ra1 Bc4 31. Nf5 Rb8 
32. Rg4+ Kh8 33. Nd6 Be6 34. Rb4 Rd8 35. Rd4 Ra8 36. c4 a5 37. Ra4 Rc5 
38. Nb7 Re5 39. c5 Re8 40. Ra1 Re7 41. c6 Re2 42. Nxa5 Ra7 43. Rdd1 Rc2 
44. Nb7 Rxa1 45. Rxa1 Kg7 46. Nd8 Bh3 47. Rd1 Kf8 48. Rd3 Ke7 49. Rd4 h5 
50. Rd3 f6 51. Rd4 Rg2+ 52. Kh1 Re2 53. Kg1 Re1+ 54. Kf2 Rh1 55. Ke3 Rxh2 
56. c7 Rc2 57. Re4+ Kd7 58. Rd4+ Kxc7 59. Nf7 Bg4 60. Rf4 Be6 61. Rxf6 Rc3+ 
62. Kd2 Rxg3 63. Rxe6 Rg7 1/2-1/2

[Event "Monday 02 April Rapid Engine Tour 12+1 Rounds 9 Starts 1600ST"]
[Site "Infinity Chess"]
[Date "2018.4.2"]
[Round "1"]
[White "Eman"]
[Black "Prometheus"]
[Result "1/2-1/2"]
[ECO "E10"]
[WhiteElo "2509"]
[BlackElo "2441"]
[WhiteEngine "Eman 1.70-beta13 64-bit POPCNT"]
[BlackEngine "Eman 1.70-beta13 64-bit BMI2"]
[EventType "Swiss"]
[WhiteTeam ""]
[BlackTeam ""]
[PlyCount "52"]
[TimeControl "720+1"]

1. d4 Nf6 2. c4 e6 3. Nf3 d5 4. Nc3 c6 5. e3 Nbd7 6. Qc2 Bd6 7. Bd3 O-O 
8. O-O dxc4 9. Bxc4 a6 10. Rd1 b5 11. Bd3 Bb7 12. Ng5 h6 13. Nge4 Bc7 14. a3 a5 
15. b3 Qe7 16. Bb2 Nd5 17. g3 Rfc8 18. Nxd5 cxd5 19. Nc3 Bc6 20. Rdc1 Bd6 
21. Qe2 b4 22. axb4 Bxb4 23. Ba6 Rcb8 24. Bd3 Rc8 25. Kg2 Nb6 26. Kg1 Nd7 
1/2-1/2

[Event "Monday 02 April Rapid Engine Tour 12+1 Rounds 9 Starts 1600ST"]
[Site "Infinity Chess"]
[Date "2018.4.2"]
[Round "1"]
[White "marudam"]
[Black "MCDermont"]
[Result "1/2-1/2 "]
[ECO "C11"]
[WhiteElo "2443"]
[BlackElo "2510"]
[WhiteEngine "stockfish_CTG"]
[BlackEngine "BrainFish 010418 WM_CTG"]
[EventType "Swiss"]
[WhiteTeam ""]
[BlackTeam ""]
[PlyCount "23"]
[TimeControl "720+1"]

1. e4 e6 2. d4 d5 3. Nc3 Nf6 4. e5 Nfd7 5. f4 c5 6. Nf3 Nc6 7. Be3 cxd4 
8. Nxd4 Qb6 9. Na4 Qa5+ 10. Nc3 Qb6 11. Na4 Qa5+ 12. Nc3 1/2-1/2

[Event "Monday 02 April Rapid Engine Tour 12+1 Rounds 9 Starts 1600ST"]
[Site "Infinity Chess"]
[Date "2018.4.2"]
[Round "1"]
[White "Brtroy"]
[Black "KhalidOmar"]
[Result "1/2-1/2"]
[ECO "E10"]
[WhiteElo "2511"]
[BlackElo "2445"]
[WhiteEngine "Stockfish_18040103_x64_bmi2_CTG"]
[BlackEngine "Eman 1.70-beta13 64-bit BMI2"]
[EventType "Swiss"]
[WhiteTeam ""]
[BlackTeam ""]
[PlyCount "139"]
[TimeControl "720+1"]

1. d4 Nf6 2. c4 e6 3. Nf3 d5 4. Nc3 c6 5. e3 Nbd7 6. Bd3 dxc4 7. Bxc4 b5 
8. Bd3 Bb7 9. O-O a6 10. e4 c5 11. d5 Qc7 12. dxe6 fxe6 13. Bc2 Bd6 14. Ng5 Nf8 
15. f4 O-O-O 16. Qe2 h6 17. Nf3 Bxf4 18. e5 Bxf3 19. Qxf3 Bxe5 20. Qa8+ Kd7 
21. Qxa6 Bxh2+ 22. Kh1 b4 23. Nb5 Qe5 24. Be3 Bg3 25. Rf3 Ke7 26. Kg1 Kf7 
27. Raf1 Kg8 28. Na7 Bh2+ 29. Kh1 Ra8 30. Qb6 Bg3 31. Qxc5 N8d7 32. Qxe5 Bxe5 
33. Bb3 Kh7 34. Bxe6 Rhe8 35. Bf5+ Kh8 36. Rd1 Nf8 37. Nc6 Bxb2 38. Nxb4 Ne6 
39. Bf2 Ng5 40. Rb3 Ba3 41. Kg1 Re5 42. Bb1 Nge4 43. Re1 Ree8 44. Nd5 Nxf2 
45. Rxe8+ Nxe8 46. Kxf2 Kg8 47. Ke2 Bc5 48. Rc3 Bd6 49. Rc6 Bh2 50. Kf3 Ra3+ 
51. Rc3 Ra5 52. Ne3 Kf8 53. g3 Bg1 54. Nc4 Ra6 55. Rd3 Ke7 56. Rd1 Bc5 
57. Re1+ Re6 58. Rxe6+ Kxe6 59. Ne3 Bb4 60. a4 Nd6 61. g4 Ke5 62. Bg6 Kf6 
63. Nd5+ Kxg6 64. Nxb4 Nc4 65. Nc6 h5 66. a5 hxg4+ 67. Kxg4 Kf6 68. a6 Ke6 
69. Kf4 Kd6 70. a7 1/2-1/2

[Event "Monday 02 April Rapid Engine Tour 12+1 Rounds 9 Starts 1600ST"]
[Site "Infinity Chess"]
[Date "2018.4.2"]
[Round "1"]
[White "KULLANI"]
[Black "MarioDeMonti"]
[Result "1/2-1/2 "]
[ECO "E40"]
[WhiteElo "2446"]
[BlackElo "2516"]
[WhiteEngine "BrainFish_180329_x64"]
[BlackEngine "stockfish_x64_bmi2_2018_02_18_CTG"]
[EventType "Swiss"]
[WhiteTeam ""]
[BlackTeam ""]
[PlyCount "135"]
[TimeControl "720+1"]

1. d4 Nf6 2. c4 e6 3. Nc3 Bb4 4. e3 O-O 5. Nf3 c5 6. Be2 b6 7. O-O Bb7 
8. Na4 cxd4 9. exd4 Bd6 10. a3 Nc6 11. b4 Ne7 12. Bd3 Ne4 13. Ra2 f5 14. Rc2 Rc8 
15. c5 Bc7 16. Nc3 Qe8 17. Re1 Qg6 18. Qe2 Nxc3 19. Rxc3 Bd5 20. Ba6 Rce8 
21. Bc4 Be4 22. Bd3 Bd5 23. Bc4 Be4 24. Ng5 Bb7 25. Qf1 Nd5 26. Rh3 Nf6 
27. a4 h6 28. Nf3 Ng4 29. cxb6 axb6 30. Ne5 Nxe5 31. dxe5 f4 32. Bd2 Ra8 
33. Ra3 f3 34. g3 Bc6 35. a5 bxa5 36. bxa5 h5 37. Bd3 Qg4 38. Bc2 Bb6 
39. Be3 Bxe3 40. Rexe3 h4 41. h3 Qd4 42. g4 Rfb8 43. a6 Bb5 44. Bd3 Bxd3 
45. Qxd3 Qxd3 46. Rexd3 Ra7 47. Ra4 Rb6 48. Rda3 Rc6 49. Ra1 d6 50. exd6 Rxd6 
51. R1a3 e5 52. g5 e4 53. Rxe4 Raxa6 54. Rxf3 Ra1+ 55. Kg2 Rdd1 56. Rc3 Rg1+ 
57. Kf3 Rxg5 58. Rxh4 Rf5+ 59. Rf4 Rxf4+ 60. Kxf4 g5+ 61. Kxg5 Ra5+ 62. Kg4 Kg7 
63. Rc7+ Kg6 64. Rc6+ Kg7 65. Rc8 Ra1 66. Kg5 Rg1+ 67. Kf5 Ra1 68. Kg4 1/2-1/2

[Event "Monday 02 April Rapid Engine Tour 12+1 Rounds 9 Starts 1600ST"]
[Site "Infinity Chess"]
[Date "2018.4.2"]
[Round "1"]
[White "xeonrocks"]
[Black "Mr Aj"]
[Result "1-0"]
[ECO "B90"]
[WhiteElo "2548"]
[BlackElo "2451"]
[WhiteEngine "Stockfish_x64_bmi2_CTG"]
[BlackEngine "Houdini 6_CTG"]
[EventType "Swiss"]
[WhiteTeam ""]
[BlackTeam ""]
[PlyCount "93"]
[TimeControl "720+1"]

1. e4 c5 2. Nf3 d6 3. d4 cxd4 4. Nxd4 Nf6 5. Nc3 a6 6. Be3 e5 7. Nb3 Be6 
8. f3 h5 9. Qd2 Be7 10. Nd5 Nxd5 11. exd5 Bf5 12. Be2 O-O 13. O-O Re8 
14. Na5 Qc7 15. a4 Nd7 16. Nc4 Qd8 17. a5 Qc7 18. Rac1 Rac8 19. Nb6 Nxb6 
20. axb6 Qd7 21. b4 e4 22. c4 Bf6 23. f4 Bg4 24. Bd1 Bxd1 25. Rfxd1 Red8 
26. Qa2 a5 27. bxa5 g6 28. f5 Qxf5 29. Rf1 Qe5 30. Qf2 Kg7 31. Qd2 Kh7 
32. Qf2 Kg7 33. Qd2 Kh7 34. Rf2 Rd7 35. Rcf1 Bg7 36. Rxf7 Qe8 37. Rxd7 Qxd7 
38. a6 bxa6 39. Qb4 Rb8 40. Qa3 Qe7 41. Qxa6 Bh6 42. Qa3 Bxe3+ 43. Qxe3 Rb7 
44. Ra1 Qe5 45. Ra7 Rxa7 46. bxa7 Qa1+ 47. Kf2 1-0

[Event "Monday 09 April, Rapid Engine Tour 13+2 Rds 7, starts 16.00 ST"]
[Site "Infinity Chess"]
[Date "2018.4.9"]
[Round "7"]
[White "koalachess"]
[Black "OlivierEvan"]
[Result "1/2-1/2"]
[ECO "B06"]
[WhiteElo "2273"]
[BlackElo "2373"]
[WhiteEngine "stockfish_9_x64_popcnt_CTG"]
[BlackEngine "Houdini 6"]
[EventType "Swiss"]
[WhiteTeam ""]
[BlackTeam ""]
[PlyCount "177"]
[TimeControl "780+2"]

1. e4 g6 2. d4 d6 3. Nc3 Nf6 4. Nf3 Bg7 5. Be2 O-O 6. O-O a6 7. Bf4 Nc6 8. d5 e5 
9. Bg5 Ne7 10. Qd2 Ne8 11. Nh4 f6 12. Be3 f5 13. f4 b5 14. exf5 gxf5 15. g3 Rb8 
16. Rae1 Ng6 17. Ng2 Qe7 18. a4 b4 19. Nd1 Nf6 20. Nf2 a5 21. fxe5 dxe5 
22. h4 Nh8 23. h5 Nf7 24. h6 Bh8 25. c4 bxc3 26. bxc3 Bd7 27. Nh4 Nd6 
28. Ba7 Rb3 29. Bd1 Rb7 30. Bc5 Nfe8 31. Nd3 e4 32. Qc1 Rb8 33. Rf2 Bf6 
34. Nxf5 Qd8 35. Bxd6 Nxd6 36. Nxd6 cxd6 37. Rxe4 Bg5 38. Rxf8+ Kxf8 39. Nf4 Kg8 
40. Bc2 Bxh6 41. Qe1 Rb2 42. Bd3 Qf6 43. Re7 Bxf4 44. Rxd7 Qe5 45. Qxe5 Bxe5 
46. Bxh7+ Kf8 47. g4 Ra2 48. g5 Rxa4 49. Kf2 Rf4+ 50. Ke2 a4 51. g6 Bxc3 
52. Ke3 Rg4 53. Kf3 Rg1 54. Rf7+ Ke8 55. Ra7 Kf8 56. Rxa4 Kg7 57. Ra7+ Kh6 
58. Rf7 Be5 59. Ke4 Re1+ 60. Kd3 Rd1+ 61. Ke4 Rd4+ 62. Kf5 Rxd5 63. Ke4 Rd4+ 
64. Kf5 Rc4 65. Ra7 Rc1 66. Ke6 Rc3 67. Ra1 Rc7 68. Rf1 Ra7 69. Rh1+ Kg7 
70. Kd5 Re7 71. Rf1 Bg3 72. Kc6 Ra7 73. Rd1 Ra6+ 74. Kb5 Ra3 75. Rf1 Rc3 
76. Rf7+ Kh6 77. Rd7 Be5 78. Ka5 Rb3 79. Bg8 Rb2 80. Bf7 Rg2 81. Kb6 Kg5 
82. Kc6 Kf6 83. Ra7 Rg3 84. Kd7 Kg7 85. Ke6 Rxg6+ 86. Bxg6+ Kxg6 87. Rf7 Kg5 
88. Rb7 Kf4 89. Rb4+ 1/2-1/2

[Event "Monday 09 April, Rapid Engine Tour 13+2 Rds 7, starts 16.00 ST"]
[Site "Infinity Chess"]
[Date "2018.4.9"]
[Round "7"]
[White "Dovahkiin"]
[Black "Deep_Impact"]
[Result "1/2-1/2"]
[ECO "C55"]
[WhiteElo "2394"]
[BlackElo "2444"]
[WhiteEngine "Raubfisch ME262_GTZ16f_CTG"]
[BlackEngine "asmFishW_2018-04-07_bmi2"]
[EventType "Swiss"]
[WhiteTeam ""]
[BlackTeam ""]
[PlyCount "116"]
[TimeControl "780+2"]

1. e4 e5 2. Nf3 Nc6 3. Bc4 Nf6 4. d3 Bc5 5. O-O O-O 6. c3 d6 7. Re1 a5 
8. Bb3 Be6 9. Bg5 h6 10. Bh4 Bxb3 11. axb3 g5 12. Bg3 Re8 13. Nbd2 Qd7 
14. h3 Kg7 15. Nc4 b5 16. Ne3 Ne7 17. Nc2 Ng6 18. d4 Bb6 19. Qd3 Rad8 
20. Rad1 c6 21. Bh2 Kh7 22. b4 a4 23. Nd2 Kg8 24. c4 g4 25. hxg4 Nxg4 26. Bg3 h5 
27. cxb5 h4 28. bxc6 Qxc6 29. b5 Qc7 30. Bh2 Nxh2 31. Kxh2 Nf4 32. Qc4 Rc8 
33. Qxc7 Rxc7 34. Nb4 Bxd4 35. g3 Ne6 36. gxh4 Bxf2 37. Re2 Bxh4 38. Nd5 Rc5 
39. Kh1 Bg5 40. Rh2 Kg7 41. Nf3 Rec8 42. b6 Rc1 43. Rxc1 Rxc1+ 44. Kg2 Rc5 
45. Nxg5 Nxg5 46. Nc7 Rc2+ 47. Kh1 Rc1+ 48. Kg2 Rb1 49. Kg3 Nxe4+ 50. Kf3 Nc5 
51. Ne8+ Kf8 52. Nxd6 a3 53. bxa3 e4+ 54. Nxe4 Nxe4 55. Kxe4 Rxb6 56. Ra2 Ke7 
57. Kd5 f5 58. a4 Ra6 1/2-1/2

[Event "Monday 09 April, Rapid Engine Tour 13+2 Rds 7, starts 16.00 ST"]
[Site "Infinity Chess"]
[Date "2018.4.9"]
[Round "7"]
[White "Vimtiroba"]
[Black "star99"]
[Result "1/2-1/2"]
[ECO "D15"]
[WhiteElo "2380"]
[BlackElo "2444"]
[WhiteEngine "SF9 ''A6''_CTG"]
[BlackEngine "Cryptic Heroes 9.3B"]
[EventType "Swiss"]
[WhiteTeam ""]
[BlackTeam ""]
[PlyCount "168"]
[TimeControl "780+2"]

1. d4 d5 2. c4 c6 3. Nf3 Nf6 4. Nc3 e6 5. e3 Nbd7 6. Qc2 Bd6 7. Bd3 O-O 
8. O-O dxc4 9. Bxc4 a6 10. Rd1 b5 11. Bd3 Bb7 12. Ng5 h6 13. Nge4 Bc7 14. a3 Nd5 
15. Bd2 f5 16. Nc5 Nxc5 17. dxc5 Nf6 18. Ne2 Qe7 19. b4 Rae8 20. Bc3 g6 
21. a4 e5 22. e4 f4 23. axb5 axb5 24. Qb3+ Kg7 25. f3 g5 26. Kh1 g4 27. Bc2 Kh8 
28. Qb2 Bb8 29. Bb3 Kh7 30. Nc1 Qg7 31. Nd3 Qg5 32. Ne1 h5 33. Rd3 Qg7 
34. Rdd1 Qg5 35. Rd3 Re7 36. Rad1 Rfe8 37. Rd8 Bc7 38. Rxe8 Nxe8 39. Ra1 Nf6 
40. Qa2 Bc8 41. Qb2 Bb7 42. Qf2 Ne8 43. g3 Bc8 44. Ra8 Be6 45. Bc2 Ng7 
46. gxf4 Qxf4 47. Bd2 Qf7 48. Ra6 Qe8 49. fxg4 hxg4 50. Qh4+ Kg8 51. Rxc6 Bd8 
52. Rd6 Rd7 53. Qf2 Rxd6 54. cxd6 Qd7 55. Qc5 Be7 56. Bd3 Bxd6 57. Qxb5 Qa7 
58. Bf1 Kh7 59. Qd3 Qf2 60. Be2 Qf8 61. Qb5 Nh5 62. Ng2 Qf7 63. Qb6 Bc7 
64. Qg1 Qd7 65. Bc3 Bf7 66. Qe1 Bg6 67. Qh4 Qc6 68. Bxg4 Qc4 69. Qe1 Nf4 
70. Bf5 Bxf5 71. exf5 Qd5 72. Qg3 Nxg2 73. Qg6+ Kh8 74. Qh6+ Kg8 75. Qg6+ Kf8 
76. Qf6+ Ke8 77. Qg6+ Kf8 78. Qf6+ Ke8 79. Qg6+ Kd8 80. Qxg2 Qd1+ 81. Qg1 Qd5+ 
82. Qg2 Qd1+ 83. Qg1 Qf3+ 84. Qg2 Qd1+ 1/2-1/2

[Event "Monday 09 April, Rapid Engine Tour 13+2 Rds 7, starts 16.00 ST"]
[Site "Infinity Chess"]
[Date "2018.4.9"]
[Round "7"]
[White "Time_bandit"]
[Black "Murx"]
[Result "1/2-1/2 "]
[ECO "B12"]
[WhiteElo "2442"]
[BlackElo "2465"]
[WhiteEngine "asmFishW_2018-02-02_popcnt"]
[BlackEngine "asmFishW_2018-04-07_popcnt"]
[EventType "Swiss"]
[WhiteTeam ""]
[BlackTeam ""]
[PlyCount "252"]
[TimeControl "780+2"]

1. e4 c6 2. d4 Qc7 3. Nf3 d6 4. c4 e5 5. Nc3 Nf6 6. h3 Be7 7. Be2 O-O 8. O-O Re8 
9. d5 Nbd7 10. Be3 Nf8 11. Qd2 Ng6 12. Rfc1 Bd7 13. a4 c5 14. b3 h6 15. Ra2 b6 
16. Rca1 a6 17. Qd1 Rf8 18. Nd2 Rfb8 19. Nf1 Nf4 20. Bf3 Qd8 21. Rc1 Qc8 
22. Rb1 Rb7 23. Ng3 Rab8 24. Rc1 Ra7 25. Kh1 Rab7 26. Kh2 Ra8 27. Kg1 Rab8 
28. Kh2 Ra7 29. Rb1 Rab7 30. Kg1 Nh7 31. Bg4 g6 32. Bxd7 Qxd7 33. Nf1 Bg5 
34. Kh2 Kg7 35. a5 Qc8 36. Raa1 Nh5 37. axb6 Rxb6 38. Ra3 Bxe3 39. Nxe3 Ng5 
40. h4 Nh7 41. g3 N7f6 42. Kg2 Ng8 43. Rba1 Ngf6 44. R1a2 Kg8 45. Rb2 Ng7 
46. f3 Kh7 47. g4 Ng8 48. Kg1 Kh8 49. Na4 R6b7 50. Nc3 Rb6 51. Nb1 Qb7 
52. Nd2 Qe7 53. Qe1 f5 54. Rba2 Qb7 55. Ra1 Rf8 56. Qe2 Nf6 57. Rf1 Rg8 
58. Rf2 f4 59. Nd1 Qe7 60. Qf1 Ra8 61. Nb2 Rb7 62. Qh3 Nge8 63. Rf1 Kg7 
64. Nd3 a5 65. Rfa1 Rba7 66. Nb1 Qd7 67. Kh2 Nc7 68. Nc3 Rb7 69. Nc1 Rba7 
70. R1a2 Kf7 71. Nd3 Rb7 72. Nc1 Rba7 73. Kg2 Qc8 74. Qh1 Qb8 75. Kf2 Qb4 
76. Qe1 Qb6 77. Ke2 Qb8 78. Kd2 h5 79. g5 Nd7 80. Nd3 Qb7 81. Qa1 Qa6 
82. Kd1 Qb6 83. Kd2 Rc8 84. Ke2 Kg8 85. Kd2 Rca8 86. Qg1 Qb8 87. Qd1 Kh7 
88. Qa1 Qb6 89. Ke2 Kg8 90. Kf2 Kf7 91. Ke2 Qb7 92. Qe1 Kg8 93. Kf1 Qb6 
94. Kg1 Qa6 95. Ra1 Rb7 96. Kf1 Rba7 97. Kg1 Qb7 98. R1a2 Qa6 99. Qd2 Rb8 
100. Kf1 Qb7 101. Ke2 Rba8 102. Qd1 Qb6 103. Kd2 Re8 104. Nb2 Ra6 105. Nd3 Rb8 
106. Qc2 Kf7 107. Ke2 Qb7 108. Qd1 Rb6 109. Rb2 Kf8 110. Kf2 Kf7 111. Ke2 Ra6 
112. Rba2 Rb6 113. Nc1 Ra6 114. Qd2 Rba8 115. Kf1 Qb6 116. Na4 Qb8 117. Nd3 Kg8 
118. Qb2 Qb7 119. Nc1 R6a7 120. Nc3 Qb6 121. Nd3 Rb8 122. Qf2 Raa8 123. Qd2 Ra6 
124. Kf2 Kf7 125. Kg1 Kg8 126. Na4 Qb7 1/2-1/2

[Event "Monday 09 April, Rapid Engine Tour 13+2 Rds 7, starts 16.00 ST"]
[Site "Infinity Chess"]
[Date "2018.4.9"]
[Round "7"]
[White "SkyPilot"]
[Black "CrapCleaner"]
[Result "1/2-1/2"]
[ECO "C53"]
[WhiteElo "2460"]
[BlackElo "2477"]
[WhiteEngine "stockfish_x64_bmi2_2018_04_07_CTG"]
[BlackEngine "komodo-11.3.1-64bit-BMI2_CTG"]
[EventType "Swiss"]
[WhiteTeam ""]
[BlackTeam ""]
[PlyCount "119"]
[TimeControl "780+2"]

1. e4 e5 2. Nf3 Nc6 3. Bc4 Bc5 4. c3 Nf6 5. d3 d6 6. O-O a5 7. Re1 O-O 8. h3 h6 
9. a4 Bb6 10. Nbd2 Be6 11. Bxe6 fxe6 12. Nc4 Bc5 13. Be3 Bxe3 14. Rxe3 Qd7 
15. Rc1 Rf7 16. d4 exd4 17. cxd4 Raf8 18. Qb3 b6 19. Qb5 Nb4 20. Na3 Na2 
21. Rd1 Nb4 22. Qxd7 Rxd7 23. Nb5 Ne8 24. Rc1 Rdf7 25. Re2 Kh7 26. Rc3 Na2 
27. Rc6 Nb4 28. Rc1 Na2 29. Rc4 Nb4 30. Rc3 Na2 31. Rc4 Nb4 32. Rc1 Na2 
33. Rf1 Nb4 34. Rd1 Rd7 35. Rdd2 g5 36. b3 Kg7 37. Re1 Rdf7 38. Ree2 Rd7 
39. Na3 Nf6 40. e5 Nh5 41. exd6 Nf4 42. Re1 cxd6 43. h4 g4 44. Nh2 h5 45. f3 Rc7 
46. fxg4 Nbd3 47. Nb5 Rfc8 48. Nxc7 Nxe1 49. Nb5 Nexg2 50. Rxg2 Rc1+ 
51. Nf1 Nxg2 52. Kxg2 hxg4 53. d5 exd5 54. Ne3 Rb1 55. Nd4 Kg6 56. Nxg4 Rd1 
57. Nf3 Rb1 58. Nd4 Rd1 59. Nf3 Rb1 60. Nd4 1/2-1/2

[Event "Monday 09 April, Rapid Engine Tour 13+2 Rds 7, starts 16.00 ST"]
[Site "Infinity Chess"]
[Date "2018.4.9"]
[Round "7"]
[White "MCDermont"]
[Black "Katzenmaier"]
[Result "1/2-1/2 "]
[ECO "C50"]
[WhiteElo "2471"]
[BlackElo "2489"]
[WhiteEngine "BrainFish 090218"]
[BlackEngine "Raubfisch X36b"]
[EventType "Swiss"]
[WhiteTeam ""]
[BlackTeam ""]
[PlyCount "97"]
[TimeControl "780+2"]

1. e4 e5 2. Nf3 Nc6 3. Bc4 Bc5 4. O-O Nf6 5. d3 d6 6. c3 a5 7. Nbd2 h6 
8. Re1 O-O 9. Nf1 Be6 10. Bb5 Ne7 11. h3 Ng6 12. Ng3 Bb6 13. d4 c6 14. Bd3 a4 
15. Bc2 c5 16. a3 cxd4 17. cxd4 Ba5 18. Re3 b5 19. b4 axb3 20. Bxb3 Bc4 
21. a4 Bb6 22. Bb2 Bxb3 23. Rxb3 bxa4 24. Rb5 Re8 25. Rxa4 Rxa4 26. Qxa4 exd4 
27. Bxd4 Bxd4 28. Qxd4 Qc7 29. Rb4 Qc1+ 30. Kh2 Qf4 31. Qd2 d5 32. exd5 Qxd2 
33. Nxd2 Nxd5 34. Ra4 Rd8 35. Nc4 Nde7 36. Ne3 Ne5 37. h4 Rd2 38. Kg1 Kh7 
39. Ne4 Rd7 40. Ra5 N5c6 41. Rc5 Nd4 42. h5 Ne6 43. Rb5 Nd4 44. Rc5 Ne6 
45. Ra5 Nc6 46. Ra6 Ncd4 47. Kh2 Nf4 48. Ra5 Nd3 49. Nf5 1/2-1/2

[Event "Monday 09 April, Rapid Engine Tour 13+2 Rds 7, starts 16.00 ST"]
[Site "Infinity Chess"]
[Date "2018.4.9"]
[Round "7"]
[White "Thinker"]
[Black "Susanne"]
[Result "1/2-1/2"]
[ECO "B32"]
[WhiteElo "2462"]
[BlackElo "2503"]
[WhiteEngine "BrainFish_180404_x64_modern_CTG"]
[BlackEngine "BrainFish_180408_x64_bmi2_CTG"]
[EventType "Swiss"]
[WhiteTeam ""]
[BlackTeam ""]
[PlyCount "117"]
[TimeControl "780+2"]

1. e4 c5 2. Nf3 Nc6 3. d4 cxd4 4. Nxd4 e5 5. Nb5 d6 6. N1c3 a6 7. Na3 b5 
8. Nd5 Nf6 9. Bg5 Be7 10. Bxf6 Bxf6 11. c3 Rb8 12. Nc2 Bg5 13. a4 bxa4 
14. Ncb4 Nxb4 15. Nxb4 Bd7 16. Bxa6 Qa5 17. Qxd6 Rb6 18. Qd3 Be6 19. Bc4 Rxb4 
20. Bxe6 Rd4 21. Qf3 O-O 22. Bd5 Bd2+ 23. Ke2 Qa6+ 24. c4 Bb4 25. Rhd1 Rxd1 
26. Rxd1 Bc5 27. Rd2 g6 28. g4 Kg7 29. Kf1 Qa5 30. Qd1 Rb8 31. Kg2 Qd8 
32. Bxf7 Qf6 33. Bd5 Rf8 34. f3 h5 35. gxh5 Be3 36. Rc2 Qg5+ 37. Kh1 Qxh5 
38. c5 Rxf3 39. Bc4 Rg3 40. Qd7+ Kh6 41. Rg2 Rxg2 42. Kxg2 Qg5+ 43. Kh3 Bxc5 
44. Qg4 Qd2 45. Qe2 Qb4 46. Bb5 Bd4 47. Qd3 Qxb2 48. Bxa4 Qf2 49. Qg3 Qf1+ 
50. Qg2 Qf4 51. Bd1 g5 52. Bg4 Ba1 53. Qf3 Bb2 54. Qxf4 exf4 55. Be2 Bc3 
56. Kg4 Kg6 57. Bc4 Kf6 58. h4 gxh4 59. Kxh4 1/2-1/2

[Event "Monday 09 April, Rapid Engine Tour 13+2 Rds 7, starts 16.00 ST"]
[Site "Infinity Chess"]
[Date "2018.4.9"]
[Round "7"]
[White "RonWeasley"]
[Black "TasicV"]
[Result "1/2-1/2"]
[ECO "D30"]
[WhiteElo "2458"]
[BlackElo "2414"]
[WhiteEngine "BrainFish 090218_CTG"]
[BlackEngine "SugaR.XPrO.1.4.64.POCNT_CTG"]
[EventType "Swiss"]
[WhiteTeam ""]
[BlackTeam ""]
[PlyCount "82"]
[TimeControl "780+2"]

1. d4 d5 2. c4 e6 3. Nf3 Nf6 4. Nc3 c6 5. Bg5 h6 6. Bxf6 Qxf6 7. e3 Nd7 
8. Be2 g6 9. O-O Bg7 10. e4 dxe4 11. Nxe4 Qf4 12. Qc2 f5 13. Ned2 c5 14. g3 Qd6 
15. Nh4 Kf7 16. d5 e5 17. Rae1 h5 18. Kg2 Nf6 19. b4 b6 20. bxc5 bxc5 
21. Ndf3 Nh7 22. Bd3 Rf8 23. Nxf5 gxf5 24. Bxf5 Bxf5 25. Qxf5+ Kg8 26. Qxh5 Rae8 
27. Qh4 Qg6 28. Qe4 Qxe4 29. Rxe4 Rxf3 30. Kxf3 Ng5+ 31. Ke3 Nxe4 32. Kxe4 Rb8 
33. Rd1 Kf7 34. d6 Ke6 35. d7 Bf6 36. h4 Bd8 37. h5 Rb4 38. Kd3 Rb7 39. Ke4 Rb4 
40. Kd3 Rb7 41. Ke4 Rb4 1/2-1/2

[Event "Monday 09 April, Rapid Engine Tour 13+2 Rds 7, starts 16.00 ST"]
[Site "Infinity Chess"]
[Date "2018.4.9"]
[Round "7"]
[White "MarioDeMonti"]
[Black "THE_MACHINE"]
[Result "1/2-1/2"]
[ECO "E10"]
[WhiteElo "2515"]
[BlackElo "2561"]
[WhiteEngine "stockfish_x64_bmi2_2018_02_18_CTG"]
[BlackEngine "BrainFish_180408_x64_bmi2"]
[EventType "Swiss"]
[WhiteTeam ""]
[BlackTeam ""]
[PlyCount "57"]
[TimeControl "780+2"]

1. d4 Nf6 2. c4 e6 3. Nf3 d5 4. Nc3 dxc4 5. e4 Bb4 6. Bg5 c5 7. Bxc4 cxd4 
8. Nxd4 Bxc3+ 9. bxc3 Qa5 10. Bb5+ Bd7 11. Bxf6 gxf6 12. Bxd7+ Nxd7 13. O-O a6 
14. Rb1 Qc7 15. Qf3 Rc8 16. Rb4 Ke7 17. Rc1 Rhd8 18. h3 Ne5 19. Qe3 Rd7 
20. f4 Nc4 21. Qf2 Ke8 22. Qg3 a5 23. Nxe6 fxe6 24. Qg8+ Ke7 25. Qxh7+ Kd8 
26. Qg8+ Ke7 27. Qh7+ Kd8 28. Qh8+ Ke7 29. Qh7+ 1/2-1/2

[Event "Monday 09 April, Rapid Engine Tour 13+2 Rds 7, starts 16.00 ST"]
[Site "Infinity Chess"]
[Date "2018.4.9"]
[Round "6"]
[White "Deep_Impact"]
[Black "Vimtiroba"]
[Result "1/2-1/2"]
[ECO "C77"]
[WhiteElo "2447"]
[BlackElo "2377"]
[WhiteEngine "asmFishW_2018-04-07_bmi2"]
[BlackEngine "SF9 ''A6''_CTG"]
[EventType "Swiss"]
[WhiteTeam ""]
[BlackTeam ""]
[PlyCount "182"]
[TimeControl "780+2"]

1. e4 e5 2. Nf3 Nc6 3. Bb5 a6 4. Ba4 Nf6 5. O-O Be7 6. Re1 b5 7. Bb3 O-O 
8. c3 d5 9. exd5 Nxd5 10. Nxe5 Nxe5 11. Rxe5 c6 12. Re1 Bd6 13. d3 Bf5 
14. Qf3 Qf6 15. Nd2 Qg6 16. Bd1 Bxd3 17. Ne4 Bxe4 18. Qxe4 Qxe4 19. Rxe4 Rae8 
20. Rxe8 Rxe8 21. Kf1 Be5 22. Be2 Nb6 23. Bf3 Rc8 24. a4 Nxa4 25. Bd1 Bc7 
26. Bxa4 bxa4 27. Rxa4 a5 28. Ke2 Kf8 29. Rh4 h6 30. Rc4 Bb6 31. Re4 h5 
32. b3 f6 33. Ba3+ Kf7 34. Re7+ Kg6 35. h3 Rb8 36. Bd6 Rd8 37. Bf4 Ra8 
38. Re4 Kf7 39. Bd6 g5 40. Re7+ Kg6 41. Rb7 Ra6 42. Rb8 Kf5 43. Rc8 Ke6 
44. Ba3 Kd7 45. Rg8 c5 46. Rg7+ Kd6 47. Kd3 a4 48. Kc4 axb3 49. Kxb3 Ba5 
50. Bb2 Rb6+ 51. Kc2 c4 52. Ba3+ Kd5 53. Be7 Ke4 54. Bc5 Rc6 55. Bd4 Bb6 
56. Rd7 Bxd4 57. Rxd4+ Ke5 58. g3 Rc5 59. f4+ Ke6 60. fxg5 Rxg5 61. Re4+ Kf5 
62. Re3 h4 63. gxh4 Rg2+ 64. Kd1 Kf4 65. Re8 f5 66. h5 Rh2 67. Rc8 Rh1+ 
68. Kc2 Rxh3 69. Rxc4+ Ke5 70. Rc5+ Kf4 71. c4 Rxh5 72. Rc6 Rh3 73. Rf6 Rh2+ 
74. Kc3 Rh8 75. c5 Rh1 76. c6 Rc1+ 77. Kd4 Rd1+ 78. Kc5 Ra1 79. c7 Rc1+ 
80. Kb6 Rxc7 81. Kxc7 Ke4 82. Rc6 f4 83. Rc1 f3 84. Ra1 Ke3 85. Rb1 f2 
86. Ra1 Ke4 87. Rb1 Kd3 88. Ra1 Kd2 89. Rb1 Ke3 90. Ra1 Kd2 91. Rb1 Ke3 1/2-1/2

[Event "Monday 09 April, Rapid Engine Tour 13+2 Rds 7, starts 16.00 ST"]
[Site "Infinity Chess"]
[Date "2018.4.9"]
[Round "6"]
[White "Murx"]
[Black "koalachess"]
[Result "1-0"]
[ECO "A15"]
[WhiteElo "2456"]
[BlackElo "2282"]
[WhiteEngine "asmFishW_2018-04-07_popcnt"]
[BlackEngine "stockfish_9_x64_popcnt_CTG"]
[EventType "Swiss"]
[WhiteTeam ""]
[BlackTeam ""]
[PlyCount "163"]
[TimeControl "780+2"]

1. c4 Nf6 2. d4 e6 3. Nf3 d5 4. Nc3 dxc4 5. e4 Bb4 6. Bg5 c5 7. Bxc4 cxd4 
8. Nxd4 Bxc3+ 9. bxc3 Qa5 10. Bb5+ Nbd7 11. Bxf6 Qxc3+ 12. Kf1 gxf6 13. h4 a6 
14. Rh3 Qb4 15. Be2 O-O 16. Rb1 Qd6 17. Rg3+ Kh8 18. Qd2 Rg8 19. Rxg8+ Kxg8 
20. Rb3 Kf8 21. Rd3 Qb6 22. Qh6+ Ke7 23. Rd1 Qc5 24. Nb3 Qb4 25. Qc1 Ke8 
26. Nd2 b5 27. Qc6 Rb8 28. Nb3 Qe7 29. Bh5 Qd8 30. Qxe6+ Qe7 31. Bxf7+ Kf8 
32. Bg8 Ne5 33. Qxe7+ Kxe7 34. Bxh7 Bg4 35. Rc1 Rh8 36. Rc7+ Nd7 37. Bf5 Bxf5 
38. exf5 Rxh4 39. Ra7 Rc4 40. Rxa6 Rf4 41. Ra5 Rxf5 42. Nd4 Rd5 43. Nxb5 f5 
44. g3 f4 45. Na7 Ke6 46. Rxd5 Kxd5 47. gxf4 Ke4 48. f5 Kxf5 49. Nb5 Ke4 
50. Ke2 Ne5 51. Kd2 Nf3+ 52. Kc3 Kd5 53. Kb4 Ne5 54. Nc3+ Kc6 55. Kb3 Kd6 
56. f4 Nd3 57. Ne2 Nf2 58. a4 Kc5 59. Nc3 Ng4 60. f5 Nf6 61. Kc2 Kd6 62. Kd3 Ke5 
63. Kc4 Nd7 64. Kb5 Nb8 65. a5 Kxf5 66. Kb6 Nd7+ 67. Kc7 Nc5 68. Kc6 Na6 
69. Kb6 Nb4 70. Kb5 Nc2 71. a6 Na3+ 72. Kc5 Nc2 73. a7 Ne1 74. a8=Q Kg6 
75. Qe8+ Kf5 76. Qxe1 Kg6 77. Qe6+ Kg5 78. Ne4+ Kf4 79. Kd4 Kf3 80. Qf5+ Ke2 
81. Qf2+ Kd1 82. Qd2# 1-0